 Dungeon Crawl Stone Soup version 0.27.1-15-g792fb953b9 (webtiles) character file.

Game seed: 17219875245126820981

18 bearlyready the Ruffian (level 2, 0/25 HPs)
             Began as a Naga Transmuter on Nov 19, 2021.
             Slain by Sigmund (10 damage)
             ... on level 2 of the Dungeon.
             The game lasted 00:02:38 (1358 turns).

bearlyready the Ruffian (Naga Transmuter)           Turns: 1358, Time: 00:02:39

Health: 0/25       AC:  4    Str: 12    XL:     2   Next: 66%
Magic:  4/5        EV:  9    Int: 13    God:
Gold:   50         SH:  0    Dex: 11    Spells: 4/5 levels left

rFire    . . .     SeeInvis +     - Unarmed
rCold    . . .     Faith    .   (no shield)
rNeg     . . .     Spirit   .   a - +0 robe
rPois    +         Reflect  .   (helmet currently unavailable)
rElec    .         Harm     .   c - +2 cloak
rCorr    .         Rampage  .   (no gloves)
Will     .....                  (no barding)
Stlth    +.........             (no amulet)
HPRegen  0.08/turn              (no ring)
MPRegen  0.09/turn              (no ring)

@: appendages, very slow
A: horns 2, AC +0, large, see invisible, deformed body, poison resistance,
slowness 2, spit poison 1, naga tail 1
a: Spit Poison, End Transformation


You were on level 2 of the Dungeon.
You had temporarily grown beastly horns.
You visited 1 branch of the dungeon, and saw 2 of its levels.

You collected 50 gold pieces.

Inventory:

Missiles
 h - 27 poisoned darts
Armour
 a - a +0 robe (worn)
 c - a +2 cloak (worn)
Scrolls
 e - 2 scrolls of identify {unknown}
 f - a scroll of fear {unknown}
 j - a scroll of teleportation {unknown}
Potions
 b - a potion of cancellation {unknown}
 d - a potion of might {unknown}
 g - a potion of heal wounds {unknown}
 i - 3 potions of lignification {unknown}


   Skills:
 - Level 1.0 Fighting
 - Level 1.5 Dodging
 + Level 3.4 Unarmed Combat
 - Level 2.0 Spellcasting
 + Level 2.6 Transmutations


You had 4 spell levels left.
You knew the following spells:

 Your Spells              Type           Power      Damage    Failure   Level
a - Beastly Appendage     Tmut           16%        N/A       9%          1

Your spell library contained the following spells:

 Spells                   Type           Power      Damage    Failure   Level
 Wereblood                Tmut           8%         N/A       13%         2
 Animate Skeleton         Necr           2%         N/A       26%         1
 Pain                     Necr           4%         1d4       26%         1
 Spider Form              Tmut/Pois      2%         N/A       41%         3
 Vampiric Draining        Necr           0%         2d6       58%         3
 Ice Form                 Ice/Tmut       4%         N/A       83%         4


Dungeon Overview and Level Annotations

Branches:
Dungeon (2/15)

Altars:

Annotations:
D:2 Sigmund


Innate Abilities, Weirdness & Mutations

You have temporarily grown beastly horns.
Your serpentine skin is tough. (AC +0)
You have supernaturally acute eyesight. (SInv)
Armour fits poorly on your strangely shaped body.
Your system is resistant to poisons. (rPois)
You cover ground very slowly.
You can spit poison.
You have a snake-like lower body.


Message History

HP restored.
You now have 50 gold pieces (gained 8).
Found 2 fizzy silvery potions.
i - 3 fizzy silvery potions (gained 2)
Found a stone staircase leading down.
There is a stone staircase leading down here.
A rat and a hobgoblin come into view.
There are monsters nearby!
You hit the rat.
You kill the rat!
The hobgoblin shouts!
You hear a shout!
You hit the hobgoblin.
The hobgoblin is moderately wounded.
The hobgoblin hits you but does no damage.
You hit the hobgoblin.
You kill the hobgoblin!
Sigmund the Dreaded comes into view.
He is wielding a +0 scythe.
Things that are here:
a hobgoblin corpse; a rat corpse
Found a scroll labelled QEZ RIPLAN.
Sigmund gestures at you while chanting. The magic dart hits you.
Sigmund hits you from afar with a +0 scythe.
Sigmund closely misses you.
Casting: Beastly Appendage (safe; 9% risk of failure)
Confirm with . or Enter, or press ? or * to list all spells.
You grow a pair of large bovine horns.
Sigmund barely misses you.
You closely miss Sigmund. You hit Sigmund.
Sigmund is lightly wounded.
Sigmund hits you with a +0 scythe.
You hit Sigmund.
Sigmund is moderately wounded.
You closely miss Sigmund.
Sigmund is moderately wounded.
Sigmund hits you with a +0 scythe.
You hit Sigmund. Your headbutt misses Sigmund.
Sigmund is moderately wounded.
Sigmund hits you with a +0 scythe!
You die...

#.# #.# #.# # #.#
# .#.####.# .#
........#####.#
#............##..#
#..†..@@.....#
#.#########?## #.#
#.# #.# #.###
#...# ## ###.#
....###.#######.


You could see Sigmund.

Vanquished Creatures
  2 endoplasms
  A giant cockroach (D:1)
  3 goblins (D:1)
  3 hobgoblins
  A quokka (D:1)
  2 bats (D:1)
  2 kobolds (D:1)
  A rat (D:2)
15 creatures vanquished.

Notes
Turn   | Place    | Note
-------+----------+-------------------------------------------
     0 | D:1      | bearlyready the Naga Transmuter began the quest for the
                  | Orb.
     0 | D:1      | Reached XP level 1. HP: 18/18 MP: 3/3
   441 | D:1      | Found a faded altar of an unknown god.
   627 | D:1      | Reached XP level 2. HP: 23/25 MP: 5/5
  1348 | D:2      | Noticed Sigmund
  1358 | D:2      | Slain by Sigmund

Illustrated notes

Levels and vault maps discovered:
D:1:      dpeg_arrival_water_temple_mockup, layout_basic,
          hellmonk_ecumenical_altar_pennies_from_heaven
D:2:      layout_loops_ring, minmay_pentomino_o2, uniq_sigmund

Action                   || total
-------------------------++-------
Melee: Unarmed           ||    60
 Cast: Beastly Appendage ||     4
Armor: Robe              ||    17
Dodge: Dodged            ||    29
